 Dungeon Crawl Stone Soup version 0.29.1-2-gbd0b4ee654 (webtiles) character file.

Game seed: 164504776984767751

51 warriortoast the Sneak (level 3, -5/16 HPs)
             Began as a Spriggan Enchanter on Nov 21, 2022.
             Slain by a gnoll
             ... wielding a +0 halberd
              (14 damage)
             ... on level 2 of the Dungeon.
             The game lasted 00:02:47 (1476 turns).

warriortoast the Sneak (Spriggan Enchanter)         Turns: 1476, Time: 00:02:48

Health: -5/16      AC:  2    Str:  6    XL:     3   Next: 57%
Magic:  8/8        EV: 18    Int: 16    God:
Gold:   48         SH:  0    Dex: 15    Spells: 0/8 levels left

rFire   . . .      SeeInvis +   a - +1 dagger
rCold   . . .      Faith    .   (no shield)
rNeg    . . .      Spirit   .   b - +0 robe
rPois   .          Reflect  .   (helmet restricted)
rElec   .          Harm     .   (no cloak)
rCorr   .          Rampage  .   (gloves unavailable)
Will    .....                   (boots unavailable)
Stlth   +++.......              (no amulet)
HPRegen 0.05/turn               (no ring)
MPRegen 0.11/turn               (no ring)

@: very quick
A: very small, no large weapons, unfitting armour, see invisible, speed 3
a: no special abilities


You were on level 2 of the Dungeon.
You visited 1 branch of the dungeon, and saw 2 of its levels.

You collected 48 gold pieces.

Inventory:

Hand Weapons
 a - a +1 dagger (weapon)
 g - a +0 sling
Armour
 b - a +0 robe (worn)
Jewellery
 l - an amulet of magic regeneration
Scrolls
 e - a scroll of teleportation {unknown}
 f - 2 scrolls of immolation {unknown}
 h - a scroll of acquirement {unknown}
 i - a scroll of identify {unknown}
 j - a scroll of enchant armour {unknown}
 k - 2 scrolls of blinking {unknown}
Potions
 c - 2 potions of invisibility
 d - 2 potions of mutation {unknown}
 m - a potion of berserk rage {unknown}


   Skills:
 + Level 1.8 Short Blades
 + Level 3.4 Dodging
 + Level 5.0 Stealth
 + Level 3.2 Spellcasting
 + Level 4.1 Hexes


You couldn't memorise any spells.
You knew the following spells:

 Your Spells              Type           Power      Damage    Failure   Level
a - Ensorcelled Hibernat  Hex/Ice        18%        N/A       12%         2
b - Confusing Touch       Hex            15%        N/A       10%         3
c - Tukima's Dance        Hex            15%        N/A       10%         3

Your spell library contained the following spells:

 Spells                   Type           Power      Damage    Failure   Level
 Dazzling Flash           Conj/Hex       18%        N/A       24%         3
 Passage of Golubria      Tloc           2%         N/A       88%         4
 Silence                  Hex/Air        4%         N/A       91%         5
 Lehudib's Crystal Spear  Conj/Erth      1%         10d2      100%        8


Dungeon Overview and Level Annotations

Branches:
Dungeon (2/15)

Altars:

Shops:
D:1 [


Innate Abilities, Weirdness & Mutations

You are very small and have problems with some larger weapons.
You are too small for most types of armour.
You have supernaturally acute eyesight. (SInv)
You cover ground extremely quickly. (Speed+++)


Message History

The ball python blinks!
The adder blinks!
You blink.
The gnoll blinks!
The gnoll hits you with a +0 whip.
Found 18 gold pieces.
The adder misses you.
The gnoll enters a dispersal trap!
The adder blinks!
The rat blinks!
The gnoll blinks! x2; The ball python blinks!
The adder blinks!
The ball python blinks!
The rat blinks!
You blink.
The gnoll blinks!
The adder enters a dispersal trap!
The rat blinks!
The gnoll blinks! x2
The ball python blinks!
The gnoll blinks! x2; The rat blinks!
The gnoll blinks!
The ball python blinks!
The rat blinks!
You blink.
The adder blinks!
The adder barely misses you.
An endoplasm and a bat come into view.
Found a stone staircase leading down.
Found a stone staircase leading up.
The adder closely misses you.
An endoplasm and a hobgoblin come into view.
There is a stone staircase leading up here.
The adder bites you.
Casting: Ensorcelled Hibernation (safe; 12% risk of failure)
Confirm with . or Enter, or press ? or * to list all spells.
Aiming: Ensorcelled Hibernation (safe; 12% risk of failure)
Press: ? - help, Shift-Dir - straight line, f - adder
Aim: an adder (chance to affect: 51%)
The adder looks drowsy...
The helpless adder fails to defend itself.
You impale the adder!!
You kill the adder!
You climb upwards.
There is a stone staircase leading down here.
You start resting.
Magic restored.
You start resting.
HP restored.
You climb downwards.
The bat hits you. The bat misses you. The gnoll misses you.
The bat hits you but does no damage. The gnoll misses you.
There is a stone staircase leading up here.
The bat hits you. The bat barely misses you. The gnoll hits you with a +0 whip.
The gnoll hits you from afar with a +0 halberd!
Ouch! That really hurt!
You die...

.........#..#
..........#.# #
...^.....g#.#
##.
.........g..#
.J
ยง........#..#
#.#
#...#...###.#
.g
#...###..##.###
.# ###..
##......###.#
...
####...gg@b#
... #....####
## ...#
#......# .##.#
#.......>#
....#
#.###.J...#
..### #.
#.#...# ......
. #...b...
#.###..##
##..#... ..#


You could see 2 gnolls, an endoplasm (asleep), a hobgoblin (asleep) and a bat.

Vanquished Creatures
  An adder (D:2)
  A worm (D:2)
  2 dart slugs
  3 ball pythons (D:1)
  3 bats (D:1)
  3 endoplasms (D:2)
  A giant cockroach (D:1)
  4 goblins (D:1)
  4 hobgoblins (D:1)
  2 kobolds (D:1)
  A quokka (D:1)
  3 frilled lizards (D:1)
  5 rats (D:1)
33 creatures vanquished.

Notes
Turn   | Place    | Note
-------+----------+-------------------------------------------
     0 | D:1      | warriortoast the Spriggan Enchanter began the quest for the
                  | Orb.
     0 | D:1      | Reached XP level 1. HP: 9/9 MP: 5/5
   260 | D:1      | Reached XP level 2. HP: 11/13 MP: 6/6
   341 | D:1      | Learned a level 2 spell: Ensorcelled Hibernation
   537 | D:1      | Found Mevavou's Antique Armour Boutique.
   988 | D:1      | Reached XP level 3. HP: 13/16 MP: 8/8
  1058 | D:1      | Found a faded altar of an unknown god.
  1246 | D:2      | Learned a level 3 spell: Confusing Touch
  1250 | D:2      | Learned a level 3 spell: Tukima's Dance
  1315 | D:2      | Reached skill level 5 in Stealth
  1476 | D:2      | Slain by a gnoll

Illustrated notes

Levels and vault maps discovered:
D:1:      wander_arrival_estate, layout_rooms, serial_shops, nicolae_shop_trees,
          shapermc_ecumenical_altar_pompeii, minmay_fountain_box, minivault_24
D:2:      layout_rooms

Skill      XL: |  1  2  3 |
---------------+----------+-----
Dodging        | 3 |  3.4
Spellcasting   | 3 |  3.2
Hexes          | 4 |  4.1
Stealth        | 5 |  5.0
Short Blades   | |  1.8

Action                   || total
-------------------------++-------
Melee: Dagger            ||    86
 Cast: Ensorcelled Hiber ||    12
 Stab: Sleeping          ||    14
Armor: Robe              ||    17
Dodge: Dodged            ||    57
